 Dungeon Crawl Stone Soup version 0.18-a0-1575-g920359c (webtiles) character file.

92 M4edhros the Poker (level 4, -1/31 HPs)
             Began as an Octopode Chaos Knight on Mar 16, 2016.
             Slain by Crazy Yiuf
             ... wielding a +2 quarterstaff of chaos
              (15 damage)
             ... on level 2 of the Dungeon.
             The game lasted 00:02:18 (1847 turns).

M4edhros the Poker (Octopode Chaos Knight)          Turns: 1847, Time: 00:02:18

Health: -1/31      AC:  1    Str: 11    XL:     4   Next: 60%
Magic:  4/4        EV: 12    Int: 14    God:    Xom [......]
Gold:   92         SH:  0    Dex: 12    Spells: 0 memorised, 3 levels left

rFire  . . .     SeeInvis .     a - +0 spear (chaos)
rCold  + . .     Gourm    .     (no shield)
rNeg   . . .     Faith    .     (helmet restricted)
rPois  .         Spirit   .     (no amulet)
rElec  .         Dismiss  .     e - ring of protection from cold
rCorr  .         Reflect  .     (no ring)
SustAt .         Harm     .     (no ring)
MR     .....                    (no ring)
Stlth  ++........               (no ring)
                                (no ring)
                                (no ring)
                                (no ring)

@: not resistant to hostile enchantments, unstealthy
A: almost no armour, amphibious, 8 rings, constrict 8, camouflage 1, gelatinous
body 1
a: Renounce Religion


You were on level 2 of the Dungeon.
You worshipped Xom.
You were a very special plaything of Xom.
You were not hungry.

You visited 1 branch of the dungeon, and saw 3 of its levels.

You collected 92 gold pieces.

Inventory:

Hand Weapons
 a - a +0 spear of chaos (weapon)
Jewellery
 e - a ring of protection from cold (left tentacle)
Scrolls
 g - a scroll of fog {unknown}
 j - a scroll of fear
Potions
 c - 2 potions of brilliance {unknown}
 d - a potion of resistance {unknown}
 f - a potion of might {unknown}
 k - a potion of berserk rage {unknown}
Comestibles
 b - a bread ration
 h - a chunk of flesh
 i - 2 fruits


   Skills:
 - Level 3.0 Fighting
 + Level 5.1 Polearms
 - Level 2.4 Dodging


You had 3 spell levels left.
You didn't know any spells.

Dungeon Overview and Level Annotations

Branches:
Dungeon (3/15)

Altars:
Vehumet

Annotations:
D:2 Crazy Yiuf


Innate Abilities, Weirdness & Mutations

You cannot wear most types of armour.
You are amphibious.
You can wear up to eight rings at the same time.
You can use your tentacles to constrict eight enemies at once.
Your skin changes colour to match your surroundings (Stealth).
Your rubbery body absorbs attacks (AC +1).


Message History

No target in view!
Crazy Yiuf is nearby!
Crazy Yiuf is nearby!
You closely miss Crazy Yiuf. You grab Crazy Yiuf.
Crazy Yiuf is severely wounded.
You constrict Crazy Yiuf, but do no damage.
Crazy Yiuf says, "Cholesterol spinner shoe!"
Crazy Yiuf hits you with a quarterstaff of chaos!
You hit Crazy Yiuf.
Crazy Yiuf is moving more slowly.
Crazy Yiuf is severely wounded.
You constrict Crazy Yiuf, but do no damage.
Crazy Yiuf closely misses you.
You hit Crazy Yiuf but do no damage.
Crazy Yiuf is severely wounded.
You constrict Crazy Yiuf, but do no damage.
You hit Crazy Yiuf but do no damage.
Crazy Yiuf is severely wounded.
You constrict Crazy Yiuf.
Crazy Yiuf hits you with a quarterstaff of chaos!
You die...

#.#.############### #.#....#
#.#....# #.#....#
###########.#....##♣♣ #####
#.........#.#.......♣♣ ♣♣#..)#
#.........#.#........♣♣♣♣.....#
#.........#.#.........♣..♣#...#
###.........#.#g@......♣.♣♣♣#####
...................##♣♣♣♣♣
..................)#
#########'###.#.#### ###
≈≈≈≈≈≈≈≈≈.≈##.#.# #.##
..........≈#..#)# #..#####
..........≈####.# ##......
..........≈#..#.# #......
..........≈##.#.###########......


You could see Crazy Yiuf (petrifying).

Vanquished Creatures
  Ijyb (D:2)
  2 adders (D:2)
  An ooze (D:2)
  A worm (D:2)
  A dart slug (D:2)
  A giant gecko (D:1)
  5 bats
  4 hobgoblins
  2 jackals (D:1)
  9 kobolds
  2 giant newts
  5 goblins
  6 rats
40 creatures vanquished.

Notes
Turn   | Place    | Note
--------------------------------------------------------------
     0 | D:1      | M4edhros the Octopode Chaos Knight began the quest for the Orb.
     0 | D:1      | Reached XP level 1. HP: 16/16 MP: 1/1
   117 | D:1      | XOM: harmless Hex miscast
   212 | D:1      | XOM: divination: detect items
   225 | D:1      | Reached XP level 2. HP: 21/21 MP: 2/2
   236 | D:1      | XOM: silly message
   538 | D:1      | XOM: divination: detect creatures
   637 | D:1      | XOM: harmless Summ miscast
   838 | D:2      | Found a radiant altar of Vehumet.
   846 | D:2      | Reached skill level 4 in Polearms
   846 | D:2      | Reached XP level 3. HP: 19/26 MP: 3/3
  1025 | D:2      | XOM: cast spell 'Ice Form'
  1034 | D:2      | XOM: stat loss: -1 Str (10/11)
  1076 | D:2      | XOM: 7-stop teleportation journey
  1115 | D:2      | Noticed Ijyb
  1123 | D:2      | Killed Ijyb
  1123 | D:2      | Reached skill level 5 in Polearms
  1123 | D:2      | Reached XP level 4. HP: 15/31 MP: 4/4
  1140 | D:2      | XOM: summons 2 hostile demons
  1141 | D:2      | Noticed a sun demon
  1443 | D:2      | XOM: blink monster(s)
  1504 | D:2      | Noticed Crazy Yiuf
  1737 | D:2      | XOM: harmless Pois miscast
  1847 | D:2      | Slain by Crazy Yiuf

Vault maps used:
D:1:      dpeg_arrival_erosion, roderic_lattice_a
D:2:      lemuel_crystal_altar, kennysheep_small_spiral, grunt_ministairs_1,
          uniq_iyjb, uniq_crazy_yiuf_cottage
D:3:      lemuel_blue_sif_altar, ecumenical_altar_2

Skill      XL: |  1  2  3 |
---------------+----------+-----
Polearms       | 4 5 |  5.1
Fighting       | |  3.0
Dodging        | |  2.4

Action                   |  1- 3 |  4- 6 || total
-------------------------+-------+-------++-------
Melee: Spear             |    59 |    31 ||    90
       Unarmed           |     8 |       ||     8
  Use: Scroll            |       |     3 ||     3
 Stab: Sleeping          |     5 |     3 ||     8
  Eat: Chunk             |     1 |     2 ||     3
